 Dungeon Crawl Stone Soup version 0.18.1-8-gdd0e5ea (webtiles) character file.

1980 Scarto the Skirmisher (level 9, -5/71 HPs)
             Began as a Demonspawn Fighter on May 21, 2016.
             Was a Priest of Okawaru.
             Slain by a white ugly thing (14 damage)
             ... on level 7 of the Dungeon.
             The game lasted 00:12:43 (6005 turns).

Scarto the Skirmisher (Demonspawn Fighter)          Turns: 6005, Time: 00:12:44

Health: -5/71      AC: 20    Str: 25    XL:     9   Next: 1%
Magic:  8/10       EV: 10    Int: 12    God:    Okawaru [***...]
Gold:   348        SH: 16    Dex: 13    Spells: 0 memorised, 8 levels left

rFire  . . .     SeeInvis .     A - +2 flail (protect)
rCold  + . .     Gourm    .     b - +0 scale mail
rNeg   . . .     Faith    .     c - +1 shield
rPois  .         Spirit   .     (no helmet)
rElec  .         Dismiss  .     x - +2 cloak
rCorr  .         Reflect  +     (no gloves)
SustAt .         Harm     .     (no boots)
MR     .....                    C - +3 amulet of reflection
Stlth  ++........               y - +3 ring of intelligence
                                o - ring of flight

@: mighty, heroism, drained, not resistant to hostile enchantments, unstealthy
A: claws 2, icy blue scales 2, cold resistance 1, nightstalker 1
a: Heroism, Renounce Religion, Evoke Flight


You were on level 7 of the Dungeon.
You worshipped Okawaru.
Okawaru was most pleased with you.
You were full.

You visited 1 branch of the dungeon, and saw 7 of its levels.

You collected 348 gold pieces.

Inventory:

Hand Weapons
 a - a +3 war axe
 A - a +2 flail of protection (weapon)
Missiles
 n - 6 tomahawks (quivered)
Armour
 b - a +0 scale mail (worn)
 c - a +1 shield (worn)
 x - a +2 cloak (worn)
Jewellery
 o - a ring of flight (left claw)
 y - a +3 ring of intelligence (right claw)
 C - a +3 amulet of reflection (around neck)
Scrolls
 d - a scroll of enchant armour
 e - a scroll of remove curse
 r - 2 scrolls of fear
 v - 3 scrolls of recharging
 B - a scroll of teleportation
Potions
 g - 2 potions of magic
 i - a potion of cancellation {unknown}
 j - a potion of resistance {unknown}
 k - 2 potions of agility {unknown}
 m - 4 potions of curing {unknown}
 s - 2 potions of degeneration {unknown}
 t - 3 potions of flight
 u - a potion of ambrosia {unknown}
Comestibles
 f - 3 bread rations
 q - 6 fruits


   Skills:
 + Level 6.4(10.6) Fighting
 + Level 5.4(9.7) Axes
 + Level 1.4(7.9) Maces & Flails
 + Level 5.8(9.9) Armour
 + Level 5.9(10.1) Shields
 + Level 2.1(1.4) Invocations


You had 8 spell levels left.
You didn't know any spells.

Dungeon Overview and Level Annotations

Branches:
Dungeon (7/15)             Temple (0/1) D:4

Altars:
Elyvilon
Fedhas
Okawaru
Vehumet
Xom
The Shining One

Annotations:
D:3 1 runed door


Innate Abilities, Weirdness & Mutations

You have very sharp fingernails.
You are mostly covered in icy blue scales (AC +3, EV -1).
Your flesh is cold resistant.
You are slightly more attuned to the shadows.


Message History

The white ugly thing kicks you but does no damage.
You gain the combat prowess of a mighty hero.
You feel slightly less full. The white ugly thing barely misses you.
Drink which item? (? for menu, Esc to quit)
Okay, then.
Drink which item? (? for menu, Esc to quit)
You feel very mighty all of a sudden.
You block the white ugly thing's attack.
You sock the white ugly thing!
The white ugly thing is severely wounded.
You block the white ugly thing's attack.
You barely miss the white ugly thing.
The white ugly thing is severely wounded.
You block the white ugly thing's attack.
You hit the white ugly thing.
The white ugly thing is severely wounded.
The white ugly thing kicks you.
* * * LOW HITPOINT WARNING * * *
The white ugly thing freezes you! You resist.
You die...

.....#........#
######........#
#........######+###
#........#........# ##
#........#........# .#
##................## <#
#.....##..........# .#
#.....##..........#
.######.....##..@....†..#
......'.....##..u.......#
#######.....##..........#
#.....##..........#
#.....##.......>..#
########..........#
#..........# #..........#
#..........#


You could see a white ugly thing.

Vanquished Creatures
  The ghost of ThereIsNoGod the Covert, an amateur OpAs of Pakellas (D:6)
  Sigmund (D:5)
  Edmund (D:6)
  A black bear (D:6)
  2 ice beasts (D:5)
  2 ogres (D:4)
  The ghost of hadoken the Conjurer, an amateur DgCj (D:5)
  Blork the orc (D:5)
  A giant frog (D:6)
  A scorpion (D:4)
  A water moccasin skeleton (D:6)
  3 crimson imps
  A giant frog zombie (D:6)
  An orc priest (D:4)
  2 giant frog skeletons
  A gnoll shaman (D:6)
  4 orc wizards
  6 worker ants
  A hound skeleton (D:6)
  9 gnolls
  5 adders
  An ooze (D:3)
  An adder zombie (D:6)
  3 worms
  3 dart slugs
  6 giant geckos
  17 orcs
  6 bats
  3 giant cockroaches
  8 hobgoblins
  6 jackals
  A quokka (D:2)
  3 giant newts
  8 goblins
  8 kobolds
  2 quokka zombies
  13 rats
135 creatures vanquished.

Vanquished Creatures (others)
  An ogre (D:6)
  2 adders (D:6)
  A giant gecko (D:6)
4 creatures vanquished.

Grand Total: 139 creatures vanquished

Notes
Turn   | Place    | Note
--------------------------------------------------------------
     0 | D:1      | Scarto the Demonspawn Fighter began the quest for the Orb.
     0 | D:1      | Reached XP level 1. HP: 18/18 MP: 1/1
   118 | D:1      | Gained mutation: You are partially covered in icy blue scales (AC +1). [demonic ancestry]
   118 | D:1      | Reached XP level 2. HP: 12/24 MP: 2/2
  1049 | D:2      | Gained mutation: You have sharp fingernails. [demonic ancestry]
  1049 | D:2      | Reached XP level 3. HP: 29/29 MP: 3/3
  1618 | D:3      | Reached XP level 4. HP: 26/37 MP: 4/4
  1704 | D:3      | Noticed an angel
  1706 | D:3      | Found a glowing golden altar of the Shining One.
  1706 | D:3      | Found a runed door.
  1780 | D:3      | Found a blossoming altar of Fedhas.
  2041 | D:3      | Found an iron altar of Okawaru.
  2060 | D:3      | Became a worshipper of Warmaster Okawaru
  2182 | D:3      | Reached XP level 5. HP: 40/42 MP: 5/5
  2271 | D:4      | Reached skill level 4 in Fighting
  2365 | D:4      | Found a white marble altar of Elyvilon.
  2370 | D:4      | Found a glowing golden altar of the Shining One.
  2370 | D:4      | Found a radiant altar of Vehumet.
  2438 | D:4      | Noticed an ogre
  2440 | D:4      | Found a staircase to the Ecumenical Temple.
  2443 | D:4      | Killed an ogre
  2443 | D:4      | Reached * piety under Okawaru
  2443 | D:4      | Gained mutation: You are mostly covered in icy blue scales (AC +3, EV -1). [demonic ancestry]
  2443 | D:4      | Reached XP level 6. HP: 34/49 MP: 6/6
  3259 | D:4      | Gained mutation: Your flesh is cold resistant. [demonic ancestry]
  3259 | D:4      | Reached XP level 7. HP: 55/55 MP: 7/7
  3500 | D:5      | Entered Level 5 of the Dungeon
  3568 | D:5      | Noticed Sigmund
  3593 | D:5      | Killed Sigmund
  3593 | D:5      | Reached skill level 5 in Fighting
  3924 | D:5      | Noticed Blork the orc
  3932 | D:5      | Killed Blork the orc
  3965 | D:5      | Noticed hadoken's ghost (amateur DgCj)
  3985 | D:5      | Reached ** piety under Okawaru
  4001 | D:5      | Killed hadoken's ghost
  4001 | D:5      | Reached skill level 5 in Shields
  4031 | D:5      | Reached skill level 5 in Armour
  4031 | D:5      | Gained mutation: You are slightly more attuned to the shadows. [demonic ancestry]
  4031 | D:5      | Reached XP level 8. HP: 40/63 MP: 8/8
  4403 | D:6      | Noticed ThereIsNoGod's ghost (amateur OpAs)
  4416 | D:6      | Killed ThereIsNoGod's ghost
  4416 | D:6      | Reached skill level 6 in Fighting
  4483 | D:6      | Found a shimmering altar of Xom.
  4917 | D:6      | Reached skill level 5 in Axes
  4981 | D:6      | Noticed Edmund
  5020 | D:6      | Killed Edmund
  5106 | D:6      | Reached *** piety under Okawaru
  5106 | D:6      | Reached skill level 1 in Invocations
  5546 | D:6      | Got a shimmering falchion
  5609 | D:6      | Reached skill level 1 in Maces & Flails
  5979 | D:7      | Gained mutation: You have very sharp fingernails. [demonic ancestry]
  5979 | D:7      | Reached XP level 9. HP: 69/71 MP: 10/10
  5980 | D:7      | Noticed a white ugly thing
  6005 | D:7      | Slain by a white ugly thing

Skill      XL: |  1  2  3  4  5  6  7  8 |
---------------+-------------------------+-----
Axes           | 2 3 4 5 |  5.4
Shields        | 3 4 5 |  5.9
Armour         | 3 4 5 |  5.8
Fighting       | 4 5 6 |  6.4
Invocations    | 2 |  2.1
Maces & Flails | 1 |  1.4

Action                   |  1- 3 |  4- 6 |  7- 9 || total
-------------------------+-------+-------+-------++-------
Melee: War axe           |   157 |    90 |   183 ||   430
       Flail             |       |       |   113 ||   113
Invok: Heroism           |       |       |     1 ||     1
  Use: Scroll            |     8 |     1 |     7 ||    16
       Potion            |       |     2 |     4 ||     6
  Eat: Bread ration      |     1 |       |     1 ||     2
       Chunk             |       |     4 |       ||     4
       Beef jerky        |       |       |     2 ||     2
       Meat ration       |       |       |     1 ||     1
       Pizza             |       |       |     1 ||     1
Armor: Scale mail        |    79 |    50 |   152 ||   281
Dodge: Dodged            |    48 |    21 |    70 ||   139
Block: Shield            |    67 |    55 |   169 ||   291
